 Dungeon Crawl Stone Soup version 0.22.1-2-g9c5b331383 (webtiles) character file.

277 AnotherOne the Magician (level 6, 33/33 HPs)
             Began as a Deep Elf Ice Elementalist on Aug 15, 2018.
             Quit the game on level 3 of the Dungeon on Dec 20, 2018.
             The game lasted 00:20:44 (1770 turns).

AnotherOne the Magician (Deep Elf Ice Elementalist) Turns: 1770, Time: 00:20:45

Health: 33/33      AC:  2    Str:  5    XL:     6   Next: 4%
Magic:  10/15      EV: 13    Int: 20    God:
Gold:   162        SH:  0    Dex: 15    Spells: 14/15 levels left

rFire    x . .     SeeInvis .   i - +3 quarterstaff (chaos)
rCold    + . .     Gourm    .   (shield currently unavailable)
rNeg     . . .     Faith    .   k - +0 robe
rPois    .         Spirit   .   (no helmet)
rElec    .         Reflect  .   (no cloak)
rCorr    .         Harm     .   (no gloves)
MR       .....     Clarity  +   (no boots)
Stlth    ++........             (no amulet)
HPRegen  0.11/turn              a - ring of ice
MPRegen  0.14/turn              (no ring)

@: no status effects
A: clarity, dopey 1
a: no special abilities


You were on level 3 of the Dungeon.
You were not hungry.

You visited 1 branch of the dungeon, and saw 3 of its levels.

You collected 162 gold pieces.

Inventory:

Hand Weapons
 i - a +3 quarterstaff of chaos (weapon)
Armour
 k - a +0 robe (worn)
Jewellery
 a - a ring of ice (left hand)
Wands
 e - a wand of flame (21)
Scrolls
 b - a scroll of teleportation
Comestibles
 c - 3 rations


   Skills:
 + Level 0.6 Fighting
 + Level 2.3 Staves
 + Level 3.1 Dodging
 + Level 3.1 Stealth
 + Level 1.1 Unarmed Combat
 + Level 5.0 Spellcasting
   Level 1.1 Conjurations
 + Level 4.8 Ice Magic


You had 14 spell levels left.
You knew the following spells:

 Your Spells              Type           Power        Failure   Level  Hunger
a - Freeze                Ice            ####         1%          1    None

Your spell library contained the following spells:

 Spells                   Type           Power        Failure   Level  Hunger
 Throw Frost              Conj/Ice       ####..       5%          2    None
 Ozocubu's Armour         Chrm/Ice       ###.....     13%         3    ##.....
 Throw Icicle             Conj/Ice       ####....     34%         4    ####...
 Summon Ice Beast         Ice/Summ       ###.....     41%         4    ####...


Dungeon Overview and Level Annotations

Branches:
Dungeon (3/15)

Altars:
Gozag


Innate Abilities, Weirdness & Mutations

You possess an exceptional clarity of mind.
You are dopey. (Int -2)


Message History

Confirm with . or Enter, or press ? or * to list all spells.
Aiming: Freeze (safe; 1% risk of failure)
Press: ? - help, Shift-Dir - straight line, f/p - worm
Aim: a worm (heavily wounded)
You feel a surge of power!
You freeze the worm.
The worm is almost dead.
The worm closely misses you.
Casting: Freeze (safe; 1% risk of failure)
Confirm with . or Enter, or press ? or * to list all spells.
Aiming: Freeze (safe; 1% risk of failure)
Press: ? - help, Shift-Dir - straight line, f/p - worm
Aim: a worm (almost dead)
You feel a surge of power!
You freeze the worm.
You kill the worm!
Welcome back, AnotherOne the Deep Elf Ice Elementalist.
Press ? for a list of commands and other information.
Unknown command.
Welcome back, AnotherOne the Deep Elf Ice Elementalist.
Press ? for a list of commands and other information.
Are you sure you want to abandon this character and quit the game? (Confirm

.. #(...........##.....
..##......).†...##.....
...........(.....#.....
...........##†''###.....
..........##.....##.#...
...##.....#..._...#
..........#8..8..8#
..........#.......#
.......@####∩8∩8∩## .
.......†+ ####### .
.####...# . . #...# ###.
. #...# .... . #...#
###..# . ##+## #<#..# .
#.#..#### . # #.#.....#
#


There were no monsters in sight!

Vanquished Creatures
  The ghost of Banto the Sneak, an amateur OpEE (D:3)
  A howler monkey (D:3)
  Crazy Yiuf (D:2)
  Jessica (D:3)
  2 adders
  2 worms
  2 dart slugs
  5 leopard geckos
  3 giant cockroaches (D:3)
  3 goblins
  4 hobgoblins
  7 jackals
  2 quokkas (D:3)
  3 bats
  7 kobolds
  2 rats
46 creatures vanquished.

Notes
Turn   | Place    | Note
-------+----------+-------------------------------------------
     0 | D:1      | AnotherOne the Deep Elf Ice Elementalist began the quest
                  | for the Orb.
     0 | D:1      | Reached XP level 1. HP: 10/10 MP: 6/6
   285 | D:1      | Reached XP level 2. HP: 15/15 MP: 0/8
   954 | D:2      | Found a runed door.
   958 | D:2      | Noticed Crazy Yiuf
   963 | D:2      | Killed Crazy Yiuf
   963 | D:2      | Reached skill level 4 in Spellcasting
   963 | D:2      | Reached XP level 3. HP: 19/19 MP: 5/10
  1068 | D:2      | Gained mutation: You evolve. [potion of mutation]
  1068 | D:2      | Gained mutation: Your spells are a little easier to cast,
                  | but a little less powerful. [potion of mutation]
  1068 | D:2      | Gained mutation: You are agile. (Dex +2) [potion of
                  | mutation]
  1072 | D:2      | Lost mutation: You evolve. [potion of mutation]
  1072 | D:2      | Lost mutation: Your spells are a little easier to cast, but
                  | a little less powerful. [potion of mutation]
  1072 | D:2      | Gained mutation: You are dopey. (Int -2) [potion of
                  | mutation]
  1072 | D:2      | Lost mutation: You are agile. (Dex +2) [potion of mutation]
  1072 | D:2      | Gained mutation: You possess an exceptional clarity of
                  | mind. [potion of mutation]
  1132 | D:2      | Reached XP level 4. HP: 16/24 MP: 12/12
  1372 | D:3      | Noticed Jessica
  1379 | D:3      | Killed Jessica
  1379 | D:3      | Reached skill level 1 in Unarmed Combat
  1389 | D:3      | Found a runed gate.
  1389 | D:3      | Found a runed gate.
  1389 | D:3      | Found a runed gate.
  1521 | D:3      | Found an opulent altar of Gozag.
  1521 | D:3      | Noticed Banto's ghost (amateur OpEE)
  1568 | D:3      | Killed Banto's ghost
  1568 | D:3      | Reached XP level 5. HP: 28/28 MP: 8/14
  1572 | D:3      | Reached skill level 5 in Spellcasting
  1572 | D:3      | Reached XP level 6. HP: 33/33 MP: 4/15
  1758 | D:3      | Upgraded the game from 0.22.0-6-g71bd7aa6b3 to
                  | 0.22.1-2-g9c5b331383
  1770 | D:3      | Quit the game

Skill      XL: |  1  2  3  4  5 |
---------------+----------------+-----
Spellcasting   | 4 5 |  5.0
Ice Magic      | 4 |  4.8
Stealth        | 3 |  3.1
Unarmed Combat | 1 |  1.1
Staves         | 2 |  2.3
Dodging        | 3 |  3.1
Fighting       | |  0.6
Conjurations   | |  1.1

Action                   |  1- 3 |  4- 6 || total
-------------------------+-------+-------++-------
Melee: Unarmed           |     3 |       ||     3
       Quarterstaff      |     9 |    47 ||    56
 Cast: Freeze            |    34 |    17 ||    51
  Use: Potion            |     6 |     4 ||    10
       Scroll            |     3 |     1 ||     4
 Stab: Sleeping          |     1 |       ||     1
  Eat: Ration            |       |     1 ||     1
Armor: Robe              |     5 |    14 ||    19
       Skin              |       |    25 ||    25
Dodge: Dodged            |    18 |    42 ||    60
